[Event "Titled Tuesday Blitz August 31 2021"]
[White "Bernadskiy, Vitaliy"]
[Black "Rakhmanov, Aleksandr"]
[WhiteFideId "14100371"]
[BlackFideId "4173708"]
[WhiteElo "2510"]
[BlackElo "2498"]
[Result "1-0"]
[Round "07"]
[TimeControl "180+1"]
[Date "2021.08.31"]
[WhiteClock "0:00:05"]
[BlackClock "0:00:02"]

1. Nf3 Nf6 2. g3 g6 3. Bg2 Bg7 4. O-O O-O 5. c4 c6 6. b3 d5 7. Bb2 Bg4 8. d3 Bxf3 9. Bxf3 e6 10. Nd2 Ne8 11. d4 Nd6 12. e3 Re8 13. Qc2 Nd7 14. Rac1 h5 15. c5 Nf5 16. Rfe1 e5 17. dxe5 Nxe5 18. Bxh5 d4 19. exd4 Nxd4 20. Bxd4 Qxd4 21. Re4 Qd7 22. Be2 Rad8 23. Nc4 Nxc4 24. Bxc4 Rxe4 25. Qxe4 Kf8 26. Qf3 Qf5 27. Qxf5 gxf5 28. Rc2 a5 29. Kg2 Rd1 30. Be2 Rd5 31. Bf3 Rd4 32. h4 Bf6 33. Be2 Be7 34. Kf3 Kg7 35. Bc4 Kf6 36. Bf1 Rd5 37. Be2 Bxc5 38. Bc4 Re5 39. Rd2 b5 40. Be2 Ke7 41. Rc2 Kd6 42. Kg2 Bd4 43. h5 Re6 44. Bf3 c5 45. Be2 Kc6 46. Bd3 f4 47. g4 c4 48. bxc4 b4 49. g5 Re5 50. g6 fxg6 51. hxg6 Rg5+ 52. Kf3 Be5 53. Be4+ Kc5 54. Bd5 a4 55. Re2 b3 56. axb3 axb3 57. Be4 b2 58. Bb1 Rg1 59. Bc2 1-0


[Site "https://www.chess.com"]

[Event "Titled Tuesday Blitz August 31 2021"]
[White "Costachi, Mihnea"]
[Black "deribas12345"]
[WhiteFideId "1217518"]
[WhiteElo "2736"]
[BlackElo "2586"]
[Result "1-0"]
[Round "07"]
[TimeControl "180+1"]
[Date "2021.08.31"]
[WhiteClock "0:01:31"]
[BlackClock "0:00:06"]

1. d4 Nf6 2. c4 d6 3. Nc3 Bf5 4. g3 e5 5. Bg2 exd4 6. Qxd4 Nc6 7. Qd2 Be7 8. b3 Qd7 9. Bb2 O-O-O 10. Nf3 Bh3 11. Bxh3 Qxh3 12. Nd5 Nxd5 13. cxd5 Ne5 14. Nxe5 dxe5 15. Bxe5 c6 16. d6 Qe6 17. Bxg7 Rxd6 18. Qa5 Rd5 19. Qc3 Rc5 20. Bxh8 Rxc3 21. Bxc3 Bc5 22. Rd1 h5 23. h4 a5 24. Rd2 Qf5 25. O-O b6 26. Bd4 Bxd4 27. Rxd4 Qc2 28. a4 Qxb3 29. Rfd1 Qe6 30. Rd6 Qe8 31. Rh6 b5 32. axb5 cxb5 33. Ra6 Kb7 34. Rxa5 Kb6 35. Ra3 Qxe2 36. Rb1 Kc5 37. Rab3 Qc4 38. Rxb5+ Kd4 39. Kg2 Qc6+ 40. Kh2 Kd3 41. Re5 f6 42. Re3+ Kd2 43. Rbb3 Kd1 44. Rbd3+ Kc2 45. Rc3+ Qxc3 46. Rxc3+ Kxc3 47. Kg2 Kd4 48. Kf3 Ke5 49. g4 hxg4+ 50. Kxg4 f5+ 51. Kg5 f4 52. h5 Ke4 53. h6 Kf3 54. h7 1-0


[Site "https://www.chess.com"]

[Event "Titled Tuesday Blitz August 31 2021"]
[White "Csonka, Balazs"]
[Black "Tokman, Ariel"]
[WhiteFideId "742910"]
[BlackFideId "117420"]
[WhiteElo "2658"]
[BlackElo "2479"]
[Result "0-1"]
[Round "07"]
[TimeControl "180+1"]
[Date "2021.08.31"]
[WhiteClock "0:00:03"]
[BlackClock "0:00:05"]

1. d4 Nf6 2. c4 g6 3. Nc3 d5 4. cxd5 Nxd5 5. e4 Nxc3 6. bxc3 Bg7 7. Nf3 c5 8. Bb5+ Nc6 9. d5 a6 10. Be2 Bxc3+ 11. Bd2 Bxd2+ 12. Qxd2 Nd4 13. Nxd4 cxd4 14. Qxd4 Qa5+ 15. Qd2 Qxd2+ 16. Kxd2 e6 17. Rac1 exd5 18. exd5 Kd7 19. Kc3 Kd6 20. Kd4 Re8 21. Bd3 Bd7 22. h4 Re5 23. Be4 Rae8 24. Bf3 h5 25. Rb1 b5 26. a4 Rf5 27. axb5 Rf4+ 28. Kc3 Bxb5 29. Rhe1 Rxe1 30. Rxe1 Rxh4 31. Be4 Rf4 32. f3 f5 33. Bc2 Kxd5 34. Bb3+ Bc4 35. Ra1 Bxb3 36. Ra5+ Ke6 37. Rxa6+ Kf7 38. Kxb3 h4 39. Ra7+ Kf6 40. Rh7 Kg5 41. Kc3 Ra4 42. Kd3 Ra2 43. f4+ Kxf4 44. Rxh4+ Kg3 45. Rh3+ Kg4 46. Rh6 g5 47. Rh2 Kg3 48. Rh5 Kg4 49. Rh2 f4 50. Ke4 Ra4+ 51. Ke5 Kg3 52. Rh5 Ra5+ 53. Kf6 Kxg2 54. Rxg5+ Rxg5 55. Kxg5 f3 0-1


[Site "https://www.chess.com"]

[Event "Titled Tuesday Blitz August 31 2021"]
[White "Dang, Hoang Son"]
[Black "Jovic, Stanoje"]
[WhiteFideId "12402435"]
[BlackFideId "905020"]
[WhiteElo "2248"]
[BlackElo "2286"]
[Result "1-0"]
[Round "07"]
[TimeControl "180+1"]
[Date "2021.08.31"]
[WhiteClock "0:01:47"]
[BlackClock "0:00:07"]

1. d4 Nf6 2. c4 e6 3. Nf3 b6 4. g3 Ba6 5. Qa4 Be7 6. Bg2 O-O 7. O-O d5 8. Ne5 c6 9. Nxc6 Nxc6 10. Qxa6 Nxd4 11. cxd5 Nxd5 12. Nc3 Nb4 13. Qa4 Rc8 14. Be3 Nbc2 15. Bxd4 Nxd4 16. Rad1 e5 17. e3 Rxc3 18. bxc3 Ne2+ 19. Kh1 Nxc3 20. Rxd8 Nxa4 21. Rd7 Bc5 22. Rxa7 Nc3 23. Rc1 Nb5 24. Rd7 g6 25. a4 Na3 26. a5 Kg7 27. a6 1-0


[Site "https://www.chess.com"]

[Event "Titled Tuesday Blitz August 31 2021"]
[White "Dong, Bao Nghia"]
[Black "Shubenkova, Veronika"]
[WhiteFideId "12400343"]
[BlackFideId "44124040"]
[WhiteElo "2409"]
[BlackElo "1882"]
[Result "1-0"]
[Round "07"]
[TimeControl "180+1"]
[Date "2021.08.31"]
[WhiteClock "0:02:03"]
[BlackClock "0:01:22"]

1. d4 d5 2. c4 e6 3. Nc3 Nf6 4. Bg5 Be7 5. e3 O-O 6. Nf3 b6 7. cxd5 exd5 8. Bd3 Bb7 9. O-O Nbd7 10. Rc1 Rc8 11. Bf5 h6 12. Bh4 c5 13. Ne5 Ba6 14. Re1 Rc7 15. Bxd7 Rxd7 16. Nxd7 Qxd7 17. dxc5 bxc5 18. Bxf6 Bxf6 19. Qxd5 Qxd5 20. Nxd5 Bxb2 21. Rxc5 Bd3 22. f3 Rd8 23. Rd1 Ba3 24. Ra5 Bc2 25. Nf6+ gxf6 26. Rxd8+ Bf8 27. Rc5 1-0


[Site "https://www.chess.com"]

[Event "Titled Tuesday Blitz August 31 2021"]
[White "Dzagnidze, Nana"]
[Black "Bacrot, Etienne"]
[WhiteFideId "13601903"]
[BlackFideId "605506"]
[WhiteElo "2589"]
[BlackElo "2791"]
[Result "1-0"]
[Round "07"]
[TimeControl "180+1"]
[Date "2021.08.31"]
[WhiteClock "0:00:02"]
[BlackClock "0:00:02"]

1. c4 Nf6 2. Nf3 g6 3. Nc3 Bg7 4. d4 c5 5. g3 cxd4 6. Nxd4 O-O 7. Bg2 Nc6 8. O-O Qa5 9. e3 d6 10. Nxc6 bxc6 11. Bxc6 Rb8 12. Bg2 Ba6 13. Rb1 Bxc4 14. Re1 Rfc8 15. Bd2 Qa6 16. b3 Be6 17. Rc1 Nd7 18. Na4 Ne5 19. Bc3 Bg4 20. f3 Bd7 21. f4 Bxa4 22. bxa4 Nd3 23. Bf1 Rxc3 24. Rxc3 Bxc3 25. Bxd3 Qb6 26. Re2 Qc5 27. Qc1 Bd4 28. Qxc5 Bxc5 29. Kf2 f5 30. Rc2 Kf7 31. Ke2 e6 32. e4 Ke7 33. exf5 gxf5 34. Bc4 Rb4 35. Bb3 Re4+ 36. Kf3 Re3+ 37. Kg2 a5 38. Kf1 h5 39. Re2 Rc3 40. Rxe6+ Kd7 41. Rf6 Rf3+ 42. Ke2 Rf2+ 43. Kd3 Rxh2 44. Rxf5 Rh3 45. Ke4 h4 46. gxh4 Re3+ 47. Kd5 Rd3+ 48. Kc4 Rd4+ 49. Kc3 Re4 50. Rf7+ Kc6 51. h5 Re3+ 52. Kc2 Rh3 53. Rh7 Be3 54. f5 Bg5 55. Kd1 d5 56. Ke2 d4 57. Kf2 d3 58. Kg2 Rh4 59. Kg3 Rb4 60. Bd1 Rb1 61. Bf3+ Kd6 62. Rh8 d2 63. Rg8 Rf1 64. Be2 Re1 65. Bf3 Re3 66. Rg6+ Kd7 67. Rxg5 Rxf3+ 68. Kxf3 d1=Q+ 69. Kg3 Qg1+ 70. Kh4 Qh2+ 71. Kg4 Qg2+ 72. Kh4 Qe4+ 73. Kg3 Qxa4 74. h6 Qa3+ 75. Kg4 Qb4+ 76. Kh5 Qe7 77. Rg7 Qf7+ 78. Rxf7+ 1-0


[Site "https://www.chess.com"]

[Event "Titled Tuesday Blitz August 31 2021"]
[White "Eswaran, Ashritha"]
[Black "Papasimakopoulos, Alexandros"]
[WhiteFideId "2080788"]
[BlackFideId "4244125"]
[WhiteElo "2454"]
[BlackElo "2352"]
[Result "0-1"]
[Round "07"]
[TimeControl "180+1"]
[Date "2021.08.31"]
[WhiteClock "0:00:21"]
[BlackClock "0:00:30"]

1. e4 e6 2. d4 d5 3. Nc3 Bb4 4. e5 b6 5. a3 Bf8 6. Qg4 Ba6 7. Bxa6 Nxa6 8. a4 Nb4 9. Qd1 a5 10. f4 Nh6 11. Nf3 Nf5 12. O-O h5 13. Ne2 c5 14. c3 Nc6 15. Ng3 Nxg3 16. hxg3 g6 17. Be3 Ne7 18. Nh2 Nf5 19. Bf2 Bh6 20. Qe2 c4 21. Rab1 Rc8 22. b4 cxb3 23. Rxb3 O-O 24. g4 hxg4 25. Qxg4 Rc4 26. Rfb1 Qc7 27. Be1 Rxa4 28. Rxb6 Ra2 29. Qh3 Bxf4 30. Ng4 Kg7 31. Rb7 Qc4 32. Nf6 Be3+ 33. Kh2 Bf4+ 34. Kg1 Be3+ 35. Kh2 Bh6 36. R1b2 Rxb2 37. Rxb2 Qf1 38. Bf2 Rh8 39. Bh4 Bg5 40. g3 Qxh3+ 41. Kxh3 Nxh4 42. gxh4 Rxh4+ 43. Kg3 Rh8 44. Ng4 Rc8 45. Rb3 a4 46. Ra3 Rc4 47. Nf2 Be7 48. Ra1 Rxc3+ 49. Kg4 a3 50. Nd1 Rd3 51. Nf2 Rxd4+ 52. Kf3 Rb4 53. Ke3 Rb3+ 54. Kd4 Rb5 55. Nd3 Rb3 56. Rf1 Rb8 57. Ra1 Rc8 58. Rf1 Rc4+ 59. Ke3 Re4+ 60. Kd2 g5 61. Rg1 g4 62. Nf2 Rd4+ 63. Ke3 Bc5 64. Ke2 Re4+ 65. Nxe4 Bxg1 66. Nc3 Bd4 67. Na2 Bxe5 68. Kf2 Bd6 69. Kg2 f5 70. Kf2 Kf7 71. Kg2 Ke7 72. Kf2 Kd7 73. Kg2 Kc7 74. Kf2 Kb7 75. Kg2 Ka7 76. Kf2 Ka6 77. Kg2 Kb6 78. Kf2 Bc5+ 79. Kg2 Kb5 80. Kg3 Kc4 81. Kf4 Bd6+ 82. Ke3 Kb3 83. Kf2 Kc2 84. Kg2 Kb2 85. Kf2 Kxa2 0-1


[Site "https://www.chess.com"]

[Event "Titled Tuesday Blitz August 31 2021"]
[White "FGHSMN"]
[Black "Moroni, Luca Jr"]
[BlackFideId "865834"]
[WhiteElo "2677"]
[BlackElo "2491"]
[Result "0-1"]
[Round "07"]
[TimeControl "180+1"]
[Date "2021.08.31"]
[WhiteClock "0:00:29"]
[BlackClock "0:00:06"]

1. b3 d5 2. Bb2 Bg4 3. f3 Bf5 4. g4 Bg6 5. e3 h5 6. g5 e5 7. Bxe5 Qxg5 8. Bf4 Qd8 9. Nc3 Bd6 10. Nxd5 Qh4+ 11. Ke2 Qd8 12. d4 Nc6 13. Bh3 Nf6 14. Nxf6+ Qxf6 15. Bxd6 Qxd6 16. Kf2 Qf6 17. Ne2 Qh4+ 18. Kg2 Qg5+ 19. Kf2 Qh4+ 20. Kg2 O-O 21. Nf4 Rfe8 22. Re1 Rad8 23. Nxg6 fxg6 24. f4 Kh7 25. c3 g5 26. Bf5+ g6 27. Bd3 gxf4 28. exf4 Rxe1 29. Qxe1 Qxf4 30. Qg3 Qxg3+ 31. Kxg3 Re8 32. Kf4 Kh6 33. Rg1 Ne7 34. c4 Rf8+ 35. Ke5 Nc6+ 36. Kd5 Nb4+ 37. Ke6 Nxd3 38. d5 Nc5+ 39. Ke7 Rf2 40. Kd8 Rxh2 41. Kxc7 Rd2 42. b4 Na6+ 43. Kxb7 Nxb4 44. a3 Nxd5 45. cxd5 Rxd5 46. Ra1 a5 47. Kc6 Rf5 48. Kb6 h4 49. Rh1 Kh5 0-1


[Site "https://www.chess.com"]

[Event "Titled Tuesday Blitz August 31 2021"]
[White "Farahat, Ali"]
[Black "Khusnutdinov, Rustam"]
[WhiteFideId "10600507"]
[BlackFideId "13701703"]
[WhiteElo "2606"]
[BlackElo "2877"]
[Result "0-1"]
[Round "07"]
[TimeControl "180+1"]
[Date "2021.08.31"]
[WhiteClock "0:00:14"]
[BlackClock "0:00:18"]

1. e4 e6 2. d4 d5 3. Nd2 c5 4. Ngf3 Nc6 5. c3 cxd4 6. cxd4 dxe4 7. Nxe4 Be7 8. Bd3 Nf6 9. O-O O-O 10. Be3 Bd7 11. a3 Nd5 12. Rc1 Rc8 13. Nc5 Bxc5 14. Rxc5 Nce7 15. Bg5 h6 16. Bd2 b6 17. Rc1 Nf5 18. Ne5 Rxc1 19. Bxc1 Bc8 20. Qa4 a5 21. Bd2 Bb7 22. Rc1 Qd6 23. Qd7 Qxd7 24. Nxd7 Rd8 25. Bxf5 exf5 26. Ne5 f6 27. Nd3 g5 28. h4 Kf7 29. hxg5 hxg5 30. b4 a4 31. b5 f4 32. f3 Ke6 33. Kf2 Rd7 34. Nb4 Nc7 35. Nc6 Nxb5 36. Bb4 Nc7 37. Re1+ Kd5 38. Ne7+ Kc4 39. Rc1+ Kb3 40. Nf5 Nb5 41. Rb1+ Kc2 42. Rh1 Rd5 43. Ne7 Rxd4 44. Ng8 Rxb4 45. axb4 a3 46. Nxf6 a2 47. Ne4 Bxe4 48. fxe4 Nc3 49. e5 Nb1 0-1


[Site "https://www.chess.com"]

[Event "Titled Tuesday Blitz August 31 2021"]
[White "Filippova, Margarita"]
[Black "Skatchkov, Valery"]
[WhiteFideId "34199680"]
[BlackFideId "24195812"]
[WhiteElo "1829"]
[BlackElo "2199"]
[Result "0-1"]
[Round "07"]
[TimeControl "180+1"]
[Date "2021.08.31"]
[WhiteClock "0:00:32"]
[BlackClock "0:00:41"]

1. Nf3 d5 2. d4 Nf6 3. c4 c6 4. Nc3 dxc4 5. e3 g6 6. Bxc4 Bg7 7. O-O O-O 8. Qe2 Bg4 9. Rd1 Nbd7 10. h3 Bxf3 11. Qxf3 Qc7 12. e4 e5 13. Bb3 exd4 14. Rxd4 Ne5 15. Qe2 Nfd7 16. Bf4 Nc5 17. Bc2 Ne6 18. Bxe5 Qxe5 19. Rdd1 Rad8 20. Qe3 Nd4 21. Bd3 Rfe8 22. f4 Qc5 23. Kh1 Qb4 24. Rab1 Qe7 25. e5 Qh4 26. Be4 Ne6 27. Rf1 Bh6 28. Ne2 Ng7 29. Qf3 Nh5 30. Kh2 Rd2 31. Rbe1 Rxe2 32. Qxe2 Bxf4+ 33. Rxf4 Qxf4+ 34. Kg1 Qxe5 35. Bf3 Qd4+ 0-1


[Site "https://www.chess.com"]

[Event "Titled Tuesday Blitz August 31 2021"]
[White "Florescu, Codrut-Constantin"]
[Black "Obolentseva, Alexandra"]
[WhiteFideId "1202200"]
[BlackFideId "24153648"]
[WhiteElo "2243"]
[BlackElo "2113"]
[Result "1-0"]
[Round "07"]
[TimeControl "180+1"]
[Date "2021.08.31"]
[WhiteClock "0:01:45"]
[BlackClock "0:00:06"]

1. d4 Nf6 2. c4 g6 3. Nc3 Bg7 4. e4 O-O 5. f3 d6 6. Bg5 c5 7. d5 h6 8. Be3 Kh7 9. Qd2 Na6 10. g4 e6 11. Nge2 exd5 12. cxd5 Nc7 13. Ng3 Re8 14. h4 b5 15. g5 Ng8 16. Nxb5 Be5 17. Kf2 f5 18. f4 Bg7 19. exf5 Rxe3 20. Kxe3 Qe8+ 21. Kf3 Nxb5 22. Bxb5 Qxb5 23. f6 Bf8 24. h5 Ba6 25. Rad1 Re8 26. Qc2 Kh8 27. hxg6 Qd7 28. Qf5 Qxf5 29. Nxf5 Bc8 30. g7+ Kh7 31. Nxh6 Nxh6 32. Rxh6+ Kg8 33. Rh8+ Kf7 34. g8=Q# 1-0


[Site "https://www.chess.com"]

[Event "Titled Tuesday Blitz August 31 2021"]
[White "Girinath, P.D.S."]
[Black "Jakubowski, Krzysztof"]
[WhiteFideId "5000572"]
[BlackFideId "1112848"]
[WhiteElo "2333"]
[BlackElo "2414"]
[Result "1/2-1/2"]
[Round "07"]
[TimeControl "180+1"]
[Date "2021.08.31"]
[WhiteClock "0:00:02"]
[BlackClock "0:00:06"]

1. e4 c5 2. Nf3 e6 3. d3 Nc6 4. g3 Nf6 5. Bg2 d5 6. Qe2 Be7 7. O-O b5 8. exd5 Nxd5 9. a4 bxa4 10. Nc3 Ndb4 11. Be3 Rb8 12. Nxa4 Nd4 13. Bxd4 cxd4 14. Qe5 Bd7 15. Nc5 Nc6 16. Qxg7 Bf6 17. Qh6 Rxb2 18. Ne4 Be7 19. Qg7 Rf8 20. Nxd4 Nxd4 21. Qxd4 Rxc2 22. Rxa7 Bc6 23. Rxe7+ Kxe7 24. Qb4+ Ke8 25. Nd6+ Kd7 26. Ne4 Qe7 27. Nf6+ Qxf6 28. Qxf8 Bxg2 29. Kxg2 Qf5 30. Qa8 Qd5+ 31. Qxd5+ exd5 32. Re1 Rd2 33. Re3 d4 34. Rf3 Ke6 35. g4 h6 36. Kg3 f6 37. Kf4 Re2 38. h4 Re1 39. Kg3 Rg1+ 40. Kf4 Re1 41. Rg3 Re2 42. Rf3 Re1 1/2-1/2


[Site "https://www.chess.com"]

[Event "Titled Tuesday Blitz August 31 2021"]
[White "Grachev, Boris"]
[Black "Maly, Alexey"]
[WhiteFideId "4129199"]
[BlackFideId "14103184"]
[WhiteElo "2580"]
[BlackElo "2250"]
[Result "1-0"]
[Round "07"]
[TimeControl "180+1"]
[Date "2021.08.31"]
[WhiteClock "0:00:10"]
[BlackClock "0:00:02"]

1. d4 d5 2. Bf4 Nf6 3. e3 e6 4. Nd2 c5 5. c3 Bd6 6. Ngf3 Qc7 7. Bxd6 Qxd6 8. Ne5 O-O 9. f4 b6 10. g4 Ba6 11. g5 Nfd7 12. Qh5 Bxf1 13. Rxf1 f6 14. gxf6 Nxf6 15. Qh4 cxd4 16. exd4 Nc6 17. O-O-O Ne7 18. Rg1 Nf5 19. Qh3 b5 20. Kb1 b4 21. c4 dxc4 22. Ndxc4 Qd5 23. Qg2 Rac8 24. Qxd5 exd5 25. Na5 Ne4 26. Nac6 Rf6 27. Nxb4 Rb6 28. Nxd5 Rb5 29. Rge1 Ned6 30. Ne3 Ne7 31. Rc1 Rcb8 32. Re2 a5 33. N3c4 Ndf5 34. Nd7 R8b7 35. Nc5 Rb8 36. b3 Nd5 37. Nd7 R8b7 38. Nce5 Nxf4 39. Rc8# 1-0


[Site "https://www.chess.com"]

[Event "Titled Tuesday Blitz August 31 2021"]
[White "Gunina, Valentina"]
[Black "Seul, Georg"]
[WhiteFideId "4167570"]
[BlackFideId "4601653"]
[WhiteElo "2399"]
[BlackElo "2332"]
[Result "1-0"]
[Round "07"]
[TimeControl "180+1"]
[Date "2021.08.31"]
[WhiteClock "0:01:36"]
[BlackClock "0:00:37"]

1. d4 Nf6 2. c4 e6 3. Nf3 Bb4+ 4. Bd2 a5 5. g3 d6 6. Bg2 Nbd7 7. O-O e5 8. Be3 exd4 9. Bxd4 O-O 10. Nc3 Re8 11. Qc2 Bc5 12. Rad1 Bxd4 13. Nxd4 Ne5 14. b3 c6 15. Ne4 Nxe4 16. Bxe4 g6 17. Bg2 Qe7 18. e4 Bg4 19. f3 Bd7 20. Qd2 a4 21. Ne2 axb3 22. axb3 Ra3 23. Qb4 Ra2 24. Nc3 Rc2 25. Rf2 c5 26. Nd5 Qd8 27. Qxb7 Rxf2 28. Kxf2 Bc6 29. Qc7 Bxd5 30. Qxd8 Rxd8 31. Rxd5 Kf8 32. Bf1 Ke7 33. Be2 Ra8 34. f4 Nc6 35. e5 dxe5 36. Rxc5 Kd6 37. Rxc6+ 1-0


[Site "https://www.chess.com"]

[Event "Titled Tuesday Blitz August 31 2021"]
[White "Hampel, Felix"]
[Black "Stribuk, Artiom"]
[WhiteFideId "24668125"]
[BlackFideId "13515659"]
[WhiteElo "2288"]
[BlackElo "2224"]
[Result "0-1"]
[Round "07"]
[TimeControl "180+1"]
[Date "2021.08.31"]
[WhiteClock "0:00:01"]
[BlackClock "0:00:10"]

1. c4 Nf6 2. Nf3 c5 3. Nc3 b6 4. d4 cxd4 5. Nxd4 Bb7 6. f3 d6 7. e4 e6 8. Be3 Be7 9. Be2 O-O 10. O-O a6 11. Qd2 Nbd7 12. Rfd1 Rc8 13. Rac1 Qc7 14. Bf1 Qb8 15. Qf2 Rfe8 16. a3 Ne5 17. Na4 Ned7 18. b4 d5 19. exd5 exd5 20. Nf5 Bf8 21. Nxb6 Nxb6 22. Bxb6 dxc4 23. Bxc4 Qe5 24. Ng3 Qf4 25. Qa2 Bd5 26. Bxd5 Rxc1 27. Bxf7+ Kh8 28. Rf1 Rec8 29. Qf2 R8c2 30. Qe3 Rxf1+ 31. Nxf1 Qxe3+ 32. Nxe3 Rc3 33. Nf5 Rxa3 34. Ba5 Ra1+ 35. Kf2 Rb1 36. Kg3 Bxb4 37. Bc7 Bf8 38. Bc4 Rc1 39. Ne3 Bc5 0-1


[Site "https://www.chess.com"]

[Event "Titled Tuesday Blitz August 31 2021"]
[White "Hansen, Sune Berg"]
[Black "Abdurakhmonov, Mukhammadali"]
[WhiteFideId "1400266"]
[BlackFideId "14207346"]
[WhiteElo "2732"]
[BlackElo "2266"]
[Result "0-1"]
[Round "07"]
[TimeControl "180+1"]
[Date "2021.08.31"]
[WhiteClock "0:00:08"]
[BlackClock "0:00:04"]

1. e4 c5 2. Nc3 g6 3. Nge2 Bg7 4. d4 cxd4 5. Nxd4 Nc6 6. Nb3 Nf6 7. Be2 O-O 8. O-O d6 9. Re1 a5 10. a4 Be6 11. Bf1 Nb4 12. Nd4 Bd7 13. Ncb5 Rc8 14. c3 Nc6 15. Nf3 Ng4 16. h3 Nge5 17. Nd2 f5 18. exf5 Bxf5 19. Nb3 Qd7 20. N3d4 Kh8 21. Be3 Be4 22. Qd2 Bd5 23. Bh6 Bxh6 24. Qxh6 g5 25. Re3 Rf6 26. Qxg5 Rg8 27. Qh4 Ng6 28. Qg4 Qd8 29. g3 Qf8 30. Qe2 Nf4 31. Qd2 Qh6 32. Ne2 Ne5 33. Nxf4 Qxf4 34. Bg2 Qf5 35. Qxd5 Qxf2+ 36. Kh2 Qxe3 37. Nd4 Qxg3+ 38. Kh1 Rh6 39. Qe6 Rxe6 0-1


[Site "https://www.chess.com"]

[Event "Titled Tuesday Blitz August 31 2021"]
[White "Harshavardhan G B"]
[Black "Dudzinski, Pawel"]
[WhiteFideId "25059009"]
[BlackFideId "1117890"]
[WhiteElo "1825"]
[BlackElo "2193"]
[Result "1-0"]
[Round "07"]
[TimeControl "180+1"]
[Date "2021.08.31"]
[WhiteClock "0:01:56"]
[BlackClock "0:00:23"]

1. b3 e5 2. Bb2 Nc6 3. e3 d5 4. Bb5 f6 5. Ne2 Ne7 6. f4 a6 7. Bxc6+ Nxc6 8. fxe5 fxe5 9. O-O Be6 10. Ng3 g6 11. d4 e4 12. c4 Bh6 13. Qe2 Ne7 14. Nc3 c6 15. Ncxe4 dxe4 16. d5 Rf8 17. Rxf8+ Kxf8 18. dxe6 Qd3 19. Qf2+ Ke8 20. Qf7+ Kd8 21. Bf6 Bxe3+ 22. Kh1 Bc5 23. Qg8+ Kc7 24. Qxa8 e3 25. Be5+ Kb6 26. Qb8 a5 27. Bc7+ Ka6 28. Qa8+ Ba7 29. Bb8 Qd4 30. Qxa7+ Qxa7 31. Bxa7 Kxa7 32. Re1 Nf5 33. Nxf5 1-0


[Site "https://www.chess.com"]

[Event "Titled Tuesday Blitz August 31 2021"]
[White "Hoffmann, Asa"]
[Black "Maiorov, Nikita"]
[WhiteFideId "2001470"]
[BlackFideId "13501720"]
[WhiteElo "2117"]
[BlackElo "2440"]
[Result "0-1"]
[Round "07"]
[TimeControl "180+1"]
[Date "2021.08.31"]
[WhiteClock "0:01:02"]
[BlackClock "0:00:21"]

1. d4 Nf6 2. Bg5 e6 3. Nd2 c5 4. e3 cxd4 5. exd4 Be7 6. Bd3 O-O 7. c3 Nc6 8. Qe2 Nd5 9. Bxe7 Ncxe7 10. Nh3 h6 11. O-O Rb8 12. f4 d6 13. Rae1 f5 14. Qf3 Nf6 15. Nf2 b5 16. h3 b4 17. c4 d5 18. c5 Ne4 19. Bxe4 dxe4 20. Qe3 Ba6 21. Nb3 Nd5 22. Qg3 Bxf1 23. Rxf1 a5 24. Rd1 a4 25. Nc1 a3 26. b3 e3 27. Nfd3 Nc3 28. Re1 Qxd4 29. Qxe3 Rbd8 30. Qxd4 Rxd4 31. Rxe6 Nxa2 32. Nxa2 Rxd3 33. Nxb4 Rxb3 34. Nd5 a2 35. Ne7+ Kf7 0-1


[Site "https://www.chess.com"]

[Event "Titled Tuesday Blitz August 31 2021"]
[White "Indjic, Aleksandar"]
[Black "Pridorozhni, Aleksei"]
[WhiteFideId "911925"]
[BlackFideId "4127870"]
[WhiteElo "2643"]
[BlackElo "2565"]
[Result "1-0"]
[Round "07"]
[TimeControl "180+1"]
[Date "2021.08.31"]
[WhiteClock "0:01:22"]
[BlackClock "0:00:37"]

1. d4 d5 2. c4 e6 3. Nf3 c6 4. e3 Nf6 5. Nc3 Nbd7 6. Qc2 b6 7. b3 Bb7 8. Bb2 Bd6 9. Bd3 Qe7 10. e4 dxe4 11. Nxe4 Nxe4 12. Bxe4 Nf6 13. Bd3 c5 14. O-O-O cxd4 15. Nxd4 Ba3 16. f3 Rd8 17. Nf5 exf5 18. Rhe1 Ne4 19. fxe4 Bxb2+ 20. Kxb2 Qe5+ 21. Qc3 Qxc3+ 22. Kxc3 fxe4 23. Bxe4 Rxd1 24. Bc6+ Kd8 25. Rxd1+ Kc8 26. Bxb7+ Kxb7 27. Rd7+ Kb8 28. Rxf7 g6 29. Rg7 Rf8 30. Rxh7 Rf2 31. g4 Rxa2 32. g5 Rg2 33. h4 Rg3+ 34. Kb4 a6 35. Rg7 Rh3 36. Rxg6 Kb7 37. Rg7+ Kc6 38. Rg6+ Kb7 39. Rh6 a5+ 40. Ka3 Rg3 41. g6 b5 42. cxb5 Kb6 43. g7+ Kb7 44. Rh7 Kb6 45. h5 Kxb5 46. h6 a4 47. Rh8 Rxb3+ 48. Ka2 Kb4 49. Rb8+ Kc3 50. Rxb3+ axb3+ 51. Kb1 1-0


[Site "https://www.chess.com"]

[Event "Titled Tuesday Blitz August 31 2021"]
[White "Iskusnyh, Sergei"]
[Black "Ponikarovsky, Alexey"]
[WhiteFideId "4120027"]
[BlackFideId "4122887"]
[WhiteElo "2492"]
[BlackElo "1944"]
[Result "1/2-1/2"]
[Round "07"]
[TimeControl "180+1"]
[Date "2021.08.31"]
[WhiteClock "0:00:19"]
[BlackClock "0:00:47"]

1. d4 d5 2. c4 e6 3. Nf3 Nf6 4. g3 Bb4+ 5. Bd2 Bxd2+ 6. Nbxd2 O-O 7. Bg2 b6 8. O-O Bb7 9. cxd5 Bxd5 10. Qc2 Bb7 11. Rac1 Na6 12. Rfd1 Rb8 13. a3 h6 14. b4 c6 15. Ne5 Rc8 16. Qb2 Nb8 17. Rc2 Rc7 18. Rdc1 Nfd7 19. Ndc4 Nxe5 20. Nxe5 Qd6 21. b5 Rfc8 22. e3 c5 23. dxc5 bxc5 24. Nc4 Qe7 25. Rd2 Bxg2 26. Kxg2 Nd7 27. Rcd1 Nb6 28. Na5 c4 29. Nc6 Qf6 30. Qc2 g6 31. a4 a6 32. e4 axb5 33. axb5 h5 34. h3 h4 35. g4 Qf4 36. Rd4 Rb7 37. Qc3 Kh7 38. Rd8 Qxe4+ 39. f3 Qe2+ 40. Kg1 Rxd8 41. Rxd8 e5 1/2-1/2


[Site "https://www.chess.com"]

[Event "Titled Tuesday Blitz August 31 2021"]
[White "Ismagilov, Damir"]
[Black "Gubanov, Oleg"]
[WhiteFideId "34199982"]
[BlackFideId "14115115"]
[WhiteElo "2075"]
[BlackElo "2138"]
[Result "1/2-1/2"]
[Round "07"]
[TimeControl "180+1"]
[Date "2021.08.31"]
[WhiteClock "0:01:18"]
[BlackClock "0:00:14"]

1. d4 b5 2. a4 b4 3. c4 bxc3 4. Nxc3 e6 5. e3 Nc6 6. Nf3 Bb7 7. b3 Nf6 8. Bb2 Nb4 9. Be2 Be7 10. O-O O-O 11. Rc1 Ne4 12. Ne5 Nxc3 13. Bxc3 f5 14. Nc4 a5 15. Bf3 Qb8 16. Ne5 Rd8 17. Bxb4 Bxb4 18. Bxb7 Qxb7 19. Qf3 Qxf3 20. gxf3 Bd6 21. Nc4 Bb4 22. f4 d6 23. Kg2 Rab8 24. Rc2 Rb7 25. Rfc1 Kf8 26. Nb2 Ba3 27. Ra1 Bxb2 28. Rxb2 Rdb8 29. Rab1 Ke7 30. Kf3 Kd7 31. Ke2 Kc6 32. Rc2+ Kd7 33. Rc3 Rb4 34. Rbc1 R8b7 35. Rb1 Rxa4 36. Kd2 Rab4 37. Ra1 Rxb3 38. Rxb3 Rxb3 39. Rxa5 Rb2+ 40. Ke1 Rc2 41. Ra7 Kc6 42. h4 Rc1+ 43. Ke2 Rh1 44. Ra6+ Kd7 45. Ra8 Rxh4 46. Rg8 Rg4 47. Kf3 h6 48. e4 Rg1 49. exf5 exf5 50. Rf8 Ke6 51. Re8+ Kf7 52. Rc8 Rc1 53. d5 Rc5 54. Ke3 Rxd5 55. Rxc7+ Kf6 56. Rd7 g5 57. fxg5+ hxg5 58. f4 g4 59. Rd8 Ke7 60. Rg8 Ra5 61. Rg7+ Kf6 62. Rd7 Ra3+ 63. Kf2 Ke6 64. Rd8 Kd5 65. Re8 Ra4 66. Kg3 Ra3+ 67. Kh4 Rf3 68. Kg5 g3 69. Kxf5 g2 70. Rg8 Rf2 71. Rg3 Kc4 72. Ke4 d5+ 73. Ke3 Ra2 74. f5 d4+ 75. Ke4 Re2+ 76. Kf3 Re3+ 77. Kxg2 Rxg3+ 78. Kxg3 d3 79. Kf2 Kc3 80. f6 d2 81. f7 d1=Q 82. f8=Q Qd4+ 83. Kf1 Qd3+ 84. Kg1 Qd4+ 85. Kh2 Qe5+ 86. Kh3 Qe3+ 87. Kg4 Qg1+ 88. Kh5 Qh2+ 89. Kg6 Qg3+ 90. Kh7 Qh4+ 91. Kg8 Qg5+ 92. Qg7+ Qxg7+ 93. Kxg7 1/2-1/2


[Site "https://www.chess.com"]